 Dungeon Crawl Stone Soup version 0.21-a0-630-g344d351 (webtiles) character file.

126 Amnesiac the Magician (level 4, 0/34 HPs)
             Began as a Mummy Necromancer on Dec 26, 2017.
             Slain by Grinder (5 damage)
             ... on level 3 of the Dungeon.
             The game lasted 00:02:49 (2734 turns).

Amnesiac the Magician (Mummy Necromancer)           Turns: 2734, Time: 00:02:50

Health: 0/34       AC:  2    Str: 11    XL:     4   Next: 84%
Magic:  10/10      EV: 12    Int: 15    God:
Gold:   118        SH:  0    Dex: 12    Spells: 6/11 levels left

rFire    x . .     SeeInvis .   k - +0 hand axe (distort)
rCold    + . .     Gourm    .   (no shield)
rNeg     + + +     Faith    .   a - +0 robe
rPois    ∞         Spirit   .   (no helmet)
rElec    .         Reflect  .   (no cloak)
rCorr    .         Harm     .   (no gloves)
MR       .....     Rnd*Tele +   (no boots)
Stlth    ++........             (no amulet)
HPRegen  0.11/turn              n - ring of teleportation (curse)
MPRegen  0.12/turn              (no ring)

@: no status effects
A: no food or potions, fire vulnerability, cold resistance 1, negative energy
resistance 3, torment resistance, unbreathing
a: no special abilities


You were on level 3 of the Dungeon.
You were not hungry.

You visited 1 branch of the dungeon, and saw 3 of its levels.

You collected 118 gold pieces.

Inventory:

Hand Weapons
 f - a +0 short sword
 k - a +0 hand axe of distortion (weapon)
 l - a +0 dagger of venom
Missiles
 e - 24 stones (quivered)
Armour
 a - a +0 robe (worn)
Jewellery
 n - a cursed ring of teleportation (left hand)
Scrolls
 c - 2 scrolls of enchant armour {!r, unknown}
 d - 2 scrolls of remove curse {!r, unknown}
 g - a scroll of blinking {!r, unknown}
 h - a scroll of identify {!r, unknown}
 i - a scroll of enchant weapon {!r, unknown}
 j - a scroll of magic mapping {!r, unknown}
 m - 2 scrolls of teleportation {!r, unknown}
Books
 b - a book of Necromancy

   Spells                             Type                      Level
   a - Pain                           Necromancy                   1
   b - Animate Skeleton               Necromancy                   1
   c - Vampiric Draining              Necromancy                   3
   d - Regeneration                   Charms/Necromancy            3
   e - Animate Dead                   Necromancy                   4
   f - Borgnjor's Vile Clutch         Necromancy/Earth             5


   Skills:
 + Level 2.8 Fighting
 + Level 2.3 Dodging
 - Level 1.5 Stealth
 + Level 4.1 Spellcasting
 * Level 4.1 Necromancy


You had 6 spell levels left.
You knew the following spells:

 Your Spells              Type           Power        Failure   Level  Hunger
a - Pain                  Necr           ###.         3%          1    N/A
b - Animate Skeleton      Necr           N/A          3%          1    N/A
d - Vampiric Draining     Necr           ###.......   10%         3    N/A

Dungeon Overview and Level Annotations

Branches:
Dungeon (3/15)

Altars:
Ashenzari
Dithmenos
Elyvilon
Gozag
The Shining One

Annotations:
D:3 Grinder


Innate Abilities, Weirdness & Mutations

You do not eat or drink.
Your flesh is vulnerable to fire.
You are immune to poison.
Your flesh is cold resistant. (rC+)
You are immune to negative energy. (rN+++)
You are immune to unholy pain and torment.
You can survive without breathing.


Message History

You hit the bat.
You kill the bat!
No target in view!
No target in view!
No target in view!
No target in view!
You see here a bat corpse.
m - 2 scrolls labeled TAGOAGO DEUG {!r} (gained 1) Key pressed, stopping explore.
No target in view!
There is a stone staircase leading up here.
An orc comes into view. It is wielding a mace.
The orc shouts!
You hear a shout!
Found 10 gold pieces.
An orc comes into view.
The orc shouts!
An orc is nearby!
There are monsters nearby!
The orc closely misses you.
An orc comes into view. It is wielding a falchion.
You hit the orc.
The orc is heavily wounded.
The orc blinks!
You slash the orc!
You kill the orc!
You completely miss the orc. The orc hits you. x2
You slash the orc!
Space bends around the orc.
You kill the orc!
You hit the orc.
Space bends around the orc.
You kill the orc!
No target in view!
No target in view!
No target in view!
You see here a falchion.
Found a leather armour.
No target in view!
You now have 101 gold pieces (gained 10).
You now have 118 gold pieces (gained 17).
Found a ration.
No target in view!
Grinder comes into view.
A hobgoblin comes into view. It is wielding a club.
There are monsters nearby!
Grinder says, "DUCK!"
Found a stone staircase leading down.
There are monsters nearby!
The hobgoblin shouts!
Grinder hits you!
You hit Grinder but do no damage.
Space bends around Grinder.
Grinder is moderately wounded.
Grinder hits you!
You closely miss Grinder.
Grinder is moderately wounded.
Grinder hits you!
* * * LOW HITPOINT WARNING * * *
Grinder completely misses you. The hobgoblin hits you with a club!
* * * LOW HITPOINT WARNING * * *
You are too injured to fight recklessly!
You are too injured to fight recklessly!
You are too injured to fight recklessly!
You completely miss Grinder.
Grinder is moderately wounded.
You barely miss the hobgoblin. Grinder hits you.
You die...

############
##..........##
##............##
#.>....%.......#
#..............########
#..............#......#
#.....g........#......#
#.....5@.......#......#
##....................##
##..........#..........
##############......##
...............
.######...##...
#....#... #^.......
.######..##.##.


You could see Grinder and a hobgoblin.

Vanquished Creatures
  4 adders (D:2)
  An ooze (D:1)
  3 dart slugs
  3 leopard geckos
  8 orcs (D:3)
  A ball python (D:2)
  4 giant cockroaches
  10 goblins
  7 hobgoblins
  6 kobolds
  9 bats
  4 frilled lizards
  9 rats
69 creatures vanquished.

Vanquished Creatures (others)
  A kobold (D:2)
1 creature vanquished.

Grand Total: 70 creatures vanquished

Notes
Turn   | Place    | Note
-------+----------+-------------------------------------------
     0 | D:1      | Amnesiac the Mummy Necromancer began the quest for the Orb.
     0 | D:1      | Reached XP level 1. HP: 13/13 MP: 4/4
     3 | D:1      | Noticed an elephant
     6 | D:1      | Noticed a black mamba
   142 | D:1      | Reached skill level 1 in Fighting
   142 | D:1      | Reached XP level 2. HP: 11/21 MP: 6/6
   280 | D:1      | Learned a level 1 spell: Animate Skeleton
   971 | D:1      | Reached XP level 3. HP: 18/27 MP: 7/7
   976 | D:1      | Learned a level 3 spell: Vampiric Draining
  1186 | D:1      | Found a shadowy altar of Dithmenos.
  1651 | D:2      | Found a white marble altar of Elyvilon.
  1652 | D:2      | Reached XP level 4. HP: 27/34 MP: 9/9
  2263 | D:2      | Found an opulent altar of Gozag.
  2272 | D:2      | Found a glowing golden altar of the Shining One.
  2275 | D:2      | Found a shattered altar of Ashenzari.
  2727 | D:3      | Noticed Grinder
  2734 | D:3      | Slain by Grinder

Vault maps used:
D:1:      sevenhm_arrival_forest_fort_small_2, kennysheep_flooded_box
D:2:      minmay_overflow_temple_star_quad, elyvilon_altar_5, grunt_ministairs_2
D:3:      lemuel_zombie_altar_kikubaaqudgha, kennysheep_generic_room_2,
          uniq_grinder

Skill      XL: |  1  2  3  4 |
---------------+-------------+-----
Fighting       | 1 2 |  2.8
Spellcasting   | 3 4 |  4.1
Dodging        | 2 |  2.3
Stealth        | |  1.5
Necromancy     | |  4.1

Action                   |  1- 3 |  4- 6 || total
-------------------------+-------+-------++-------
Melee: Short sword       |    88 |       ||    88
       Hand axe          |    44 |    76 ||   120
 Cast: Pain              |    13 |       ||    13
       Vampiric Draining |     2 |       ||     2
 Stab: Sleeping          |     1 |     4 ||     5
Armor: Robe              |    37 |     9 ||    46
Dodge: Dodged            |   130 |    44 ||   174

Table legend:
 A = Spawn XP
 B = Non-spawn XP
 C = Spawn XP percentage of total XP
 D = Spawn monster count
 E = Non-spawn monster count
 F = Spawn count percentage of total count
 G = Total turns spent on level
                    A         B        C        D         E        F      G
               +---------+---------+-------+---------+---------+-------+---------
         Total |       0 |     181 |   0.0 |       0 |      70 |   0.0 |  2734
               +---------+---------+-------+---------+---------+-------+---------
           D:1 |       0 |      47 |   0.0 |       0 |      26 |   0.0 |  1289
           D:2 |       0 |      94 |   0.0 |       0 |      28 |   0.0 |  1084
           D:3 |       0 |      40 |   0.0 |       0 |      16 |   0.0 |   361
               +---------+---------+-------+---------+---------+-------+---------
